 Dungeon Crawl Stone Soup version 0.31-a0-237-g2d982f9f85 (webtiles) character file.

Game seed: 9415168332389216078

361 qw the Shooter (level 6, -5/51 HPs)
             Began as a Minotaur Hexslinger on July 11, 2023.
             Slain by an ogre
             ... wielding a +0 giant club
              (11 damage)
             ... on level 4 of the Dungeon.
             The game lasted 00:00:58 (2960 turns).

qw the Shooter (Minotaur Hexslinger)                Turns: 2960, Time: 00:00:59

Health: -5/51      AC:  7    Str: 12    XL:     6   Next: 38%
Magic:  6/6        EV: 11    Int: 10    God:
Gold:   72         SH:  0    Dex: 15    Spells: 6/7 levels left

rFire   . . .        Y - +2 sling
rCold   + . .        (no shield)
rNeg    . . .        i - +0 ring mail
rPois   +            (helmet restricted)
rElec   .            j - +0 cloak
rCorr   .            (no gloves)
SInv    +            (no boots)
Will    .....        (no amulet)
Stlth   ++           b - ring of see invisible
HPRegen 0.28/turn    f - ring of Doubts {+Blink rPois rC+ Stlth+}
MPRegen 0.10/turn

%: no passive effects
@: no status effects
A: horns 2, retaliatory headbutt
a: Evoke Blink


You were on level 4 of the Dungeon.
You visited 1 branch of the dungeon, and saw 4 of its levels.

You collected 130 gold pieces.
You spent 58 gold pieces at shops.


Innate Abilities, Weirdness & Mutations

You have a pair of horns on your head.
You reflexively headbutt those who attack you in melee.


   Skills:
 - Level 3.3 Fighting
 + Level 5.7 Ranged Weapons
 - Level 4.0 Armour
 - Level 2.1 Dodging
 - Level 1.0 Spellcasting
 - Level 2.0 Hexes


You had 6 spell levels left.
You knew the following spells:

 Your Spells              Type           Power      Damage    Failure   Level
a - Slow                  Hex            16%        N/A       32%         1

Your spell library contained the following spells:

 Spells                   Type           Power      Damage    Failure   Level
 Inner Flame              Hex/Fire       2%         N/A       82%         3
 Portal Projectile        Hex/Tloc       4%         N/A       82%         3
 Cause Fear               Hex            2%         N/A       97%         4

Inventory:

Hand Weapons
 Y - a +2 sling (weapon)
Armour
 i - a +0 ring mail (worn)
 j - a +0 cloak (worn)
Jewellery
 b - a ring of see invisible (left hand)
 f - the ring of Doubts (right hand) {+Blink rPois rC+ Stlth+}
   (You acquired it on level 2 of the Dungeon)

   [ring of poison resistance]

   rC:        It protects you from cold.
   rPois:     It protects you from poison.
   +Blink:    It lets you blink.
   Stlth:     It makes you more stealthy.
Scrolls
 a - a scroll of identify
Potions
 d - a potion of haste
 e - a potion of resistance
 g - a potion of curing

Dungeon Overview and Level Annotations

Branches:
Dungeon (4/15)
 Temple: D:4-7

Altars:
Kikubaaqudgha
Nemelex Xobeh
Xom
Yredelemnul
The Shining One

Shops:
D:2 *=   D:4 :


Message History

You start resting.
HP restored.
Found a shimmering altar of Xom.
Found two altars.
Found a book of Winter.
A gnoll comes into view. It is wielding a +0 spear.
You shoot a sling bullet. The sling bullet hits the gnoll.
The gnoll shouts!
The gnoll is moderately wounded.
You hear a shout!
An ogre comes into view. It is wielding a +0 giant club.
A gnoll comes into view. It is wielding a +0 whip.
You shoot a sling bullet. The ogre shouts!
The gnoll shouts!
The sling bullet hits the ogre.
The ogre is lightly wounded.
A gnoll comes into view. It is wielding a +0 halberd.
You shoot a sling bullet. The sling bullet hits the ogre.
The ogre is moderately wounded.
You shoot a sling bullet.
The sling bullet completely misses the ogre.
The ogre hits you with a +0 giant club!!
Ouch! That really hurt!
A gnoll comes into view. It is wielding a +0 whip.
You shoot a sling bullet. The sling bullet hits the ogre.
The ogre is heavily wounded.
The gnoll barely misses you.
A quokka comes into view.
The ogre hits you with a +0 giant club!
You shoot a sling bullet.
The sling bullet barely misses the ogre.
The gnoll hits you but does no damage.
You shoot a sling bullet. The sling bullet hits the ogre.
The ogre is severely wounded.
The ogre misses you.
The gnoll closely misses you. x2; You furiously retaliate!
You headbutt the gnoll, but do no damage.
You shoot a sling bullet.
The sling bullet barely misses the ogre.
The ogre hits you with a +0 giant club!
You die...

##.......##
#.........#
#._..}.._.#
##.....r...#
.....g....#
#...gg:. #..gO#
#.# #..@# #.#
###.# #)# #.# #.#
#.# #.# #.# #.#
#######.# #.#
#.......#
#####.####)#######
...........#


You could see an ogre, 4 gnolls and a quokka.

Vanquished Creatures
  Sigmund (D:4)
  Jessica (D:3)
  Terence (D:3)
  Natasha (thrice) (D:3)
  3 adders
  3 dart slugs
  An orc (D:3)
  5 bats
  2 bat zombies (D:3)
  5 endoplasms
  4 giant cockroaches
  3 hobgoblins
  4 jackals (D:3)
  5 quokkas
  3 ball pythons (D:1)
  2 frilled lizards
  4 goblins
  A kobold (D:1)
  4 rats
55 creatures vanquished.

Notes
Turn   | Place    | Note
-------+----------+-------------------------------------------
     0 | D:1      | qw the Minotaur Hexslinger began the quest for the Orb.
     0 | D:1      | Reached XP level 1. HP: 16/16 MP: 1/1
     0 | D:1      | 0 ||| qw: Version: 0.3-a-52-g30416fa
     0 | D:1      | 0 ||| qw: Game counter: 5431
     0 | D:1      | 0 ||| qw: Melee chars always use a shield: true
     0 | D:1      | 0 ||| qw: God list: Okawaru
     0 | D:1      | 0 ||| qw: Allow faded altars: false
     0 | D:1      | 0 ||| qw: Do Orc after clearing Dungeon:15 true
     0 | D:1      | 0 ||| qw: Do second Lair branch before Depths: true
     0 | D:1      | 0 ||| qw: Lair rune preference: random
     0 | D:1      | 0 ||| qw: Goals: Normal
     0 | D:1      | 0 ||| PLANNING D:1-11
   202 | D:1      | Reached skill level 3 in Ranged Weapons
   202 | D:1      | Reached XP level 2. HP: 23/23 MP: 2/2
   253 | D:1      | 253 ||| FLEEEEING.
   254 | D:1      | 254 ||| FLEEEEING.
   255 | D:1      | 255 ||| FLEEEEING.
   908 | D:1      | 908 ||| READING scroll labelled GEMPEO ISACOWE.
   909 | D:1      | 909 ||| DRINKING 2 grey potions.
   910 | D:1      | 910 ||| DROPPING scroll of poison.
  1011 | D:2      | Reached XP level 3. HP: 29/29 MP: 3/3
  1092 | D:2      | Found a basalt altar of Yredelemnul.
  1107 | D:2      | HP: 7/29 [poisoned by an adder]
  1246 | D:2      | Found Xacubun's Jewellery Shoppe.
  1255 | D:2      | 1255 ||| SHOPLISTING +4 ring of slaying (936 gold, have
                  | 66).
  1255 | D:2      | 1255 ||| SHOPLISTING amulet of faith (480 gold, have 66).
  1255 | D:2      | 1255 ||| SHOPLISTING amulet of reflection (360 gold, have
                  | 66).
  1255 | D:2      | 1255 ||| SHOPLISTING ring of ice (300 gold, have 66).
  1278 | D:2      | Found Weumoz's Assorted Antiques.
  1292 | D:2      | 1292 ||| SHOPLISTING 3 scrolls of identify (174 gold, have
                  | 79).
  1292 | D:2      | 1292 ||| SHOPLISTING encrusted bronze wand (116 gold, have
                  | 79).
  1292 | D:2      | 1292 ||| BUYING scroll labelled BIZAPAB POAFUDA (29 gold).
  1292 | D:2      | Bought a scroll labelled BIZAPAB POAFUDA for 29 gold pieces
  1292 | D:2      | 1292 ||| BUYING scroll labelled QOQINY UTRUHI (29 gold).
  1292 | D:2      | Bought a scroll labelled QOQINY UTRUHI for 29 gold pieces
  1292 | D:2      | 1292 ||| SHOPLISTING scroll labelled TAIMEI AMMIZ (29 gold,
                  | have 21).
  1292 | D:2      | 1292 ||| SHOPLISTING scroll labelled XEARPH BEMASH (29
                  | gold, have 21).
  1292 | D:2      | 1292 ||| SHOPLISTING scroll of identify (58 gold, have 21).
  1465 | D:2      | Reached skill level 4 in Ranged Weapons
  1562 | D:2      | 1562 ||| UPGRADING to ring of see invisible.
  1563 | D:2      | 1563 ||| READING scroll labelled DYTEYL ZIFIGA.
  1563 | D:2      | Identified a scroll of acquirement
  1563 | D:2      | 1563 ||| ACQUIRING ring of Doubts {+Blink rPois rC+ Stlth+}
  1563 | D:2      | Acquired the ring of Doubts {+Blink rPois rC+ Stlth+}
  1565 | D:2      | 1565 ||| UPGRADING to ring of Doubts {+Blink rPois rC+
                  | Stlth+}.
  1566 | D:2      | 1566 ||| READING scroll labelled BIZAPAB POAFUDA.
  1567 | D:2      | 1567 ||| READING scroll labelled QOQINY UTRUHI.
  1618 | D:2      | 1618 ||| READING 4 scrolls of identify.
  1618 | D:2      | 1618 ||| IDENTIFYING emerald potion
  1619 | D:2      | 1619 ||| READING 3 scrolls of identify.
  1619 | D:2      | 1619 ||| IDENTIFYING bubbling pink potion
  1620 | D:2      | 1620 ||| READING 2 scrolls of identify.
  1620 | D:2      | 1620 ||| IDENTIFYING viscous coppery potion
  1621 | D:2      | 1621 ||| DROPPING potion of berserk rage.
  1855 | D:3      | Noticed Natasha
  1867 | D:3      | Killed Natasha
  1868 | D:3      | Reached XP level 4. HP: 11/36 MP: 4/4
  1921 | D:3      | 1921 ||| FLEEEEING.
  1980 | D:3      | Found a faded altar of an unknown god.
  2005 | D:3      | Noticed Jessica
  2007 | D:3      | Killed Jessica
  2008 | D:3      | Reached skill level 5 in Ranged Weapons
  2070 | D:3      | Noticed Terence
  2080 | D:3      | HP: 8/36 [Terence/+0 hand axe (2)]
  2081 | D:3      | Killed Terence
  2082 | D:3      | Reached XP level 5. HP: 10/42 MP: 5/5
  2251 | D:3      | Noticed Natasha
  2260 | D:3      | Killed Natasha
  2261 | D:3      | Reached skill level 3 in Fighting
  2318 | D:3      | Noticed Natasha
  2323 | D:3      | Killed Natasha
  2666 | D:3      | Found an ancient bone altar of Kikubaaqudgha.
  2763 | D:3      | 2763 ||| UPGRADING to +0 ring mail.
  2773 | D:3      | 2773 ||| DROPPING +0 robe.
  2774 | D:3      | 2774 ||| UPGRADING to +0 cloak.
  2779 | D:3      | 2779 ||| READING scroll labelled PIEMACZEIST.
  2786 | D:4      | Found Dykkieq's Book Shoppe.
  2817 | D:4      | Noticed Sigmund
  2837 | D:4      | 2837 ||| DRINKING 2 potions of curing.
  2837 | D:4      | 2837 ||| (to cure confusion)
  2839 | D:4      | Killed Sigmund
  2840 | D:4      | Reached XP level 6. HP: 22/51 MP: 6/6
  2947 | D:4      | Found a shimmering altar of Xom.
  2950 | D:4      | Found a sparkling altar of Nemelex Xobeh.
  2950 | D:4      | Found a glowing golden altar of the Shining One.
  2957 | D:4      | HP: 5/51 [ogre/+0 giant club (15)]
  2960 | D:4      | Slain by an ogre

Levels and vault maps discovered:
D:1:      dpeg_arrival_windows_large_door, layout_basic
D:2:      layout_loops_ring, serial_shops, shop, shop, basic_altar
D:3:      layout_loops_ring, lemuel_zombie_altar_kikubaaqudgha,
          shapermc_ecumenical_altar_ellora, nrook_campfire, uniq_jessica,
          uniq_terence, uniq_natasha
D:4:      layout_loops_ring, grunt_temple_overflow_open,
          minmay_temple_entry_junction, serial_shops, nicolae_stop_n_shop_1,
          uniq_crazy_yiuf_cottage, uniq_sigmund

Skill      XL: |  1  2  3  4  5 |
---------------+----------------+-----
Ranged Weapons | 3 4 5 |  5.7
Fighting       | 2 3 |  3.3
Armour         | 4 |  4.0
Dodging        | |  2.1
Spellcasting   | |  1.0
Hexes          | |  2.0

Action                     |  1- 3 |  4- 6 || total
---------------------------+-------+-------++-------
   Fire: Sling             |   132 |    81 ||   213
    Use: Scroll            |     7 |     1 ||     8
         Potion            |     1 |     1 ||     2
 Armour: Robe              |    13 |     5 ||    18
         Ring mail         |       |     5 ||     5
  Dodge: Dodged            |    42 |    27 ||    69

Table legend:
 A = Non-vault XP
 B = Vault XP
 C = Vault XP percentage of total XP
 D = Non-vault monster count
 E = Vault monster count
 F = Vault count percentage of total count
                 A         B        C        D         E       F
            +---------+---------+-------+---------+---------+-------
      Total |     191 |     326 |  63.1 |      49 |       6 |  10.9
            +---------+---------+-------+---------+---------+-------
        D:1 |      35 |       0 |   0.0 |      20 |       0 |   0.0
        D:2 |      28 |       0 |   0.0 |       9 |       0 |   0.0
        D:3 |     118 |     112 |  48.7 |      16 |       5 |  23.8
        D:4 |      10 |     214 |  95.5 |       4 |       1 |  20.0
            +---------+---------+-------+---------+---------+-------
